 Dungeon Crawl Stone Soup version 0.21.0 (webtiles) character file.

119343 myopia the Champion of Chaos (level 16, 0/173 HPs)
             Began as a Troll Monk on Jan 5, 2018.
             Was the Champion of Makhleb.
             Slain by a trident of piercing (1 damage)
             ... on level 2 of the Elven Halls on Jan 7, 2018.
             The game lasted 02:53:58 (25664 turns).

myopia the Champion of Chaos (Troll Monk)          Turns: 25664, Time: 02:54:01

Health: 0/173      AC:  8    Str: 23    XL:     16   Next: 27%
Magic:  0/35       EV: 19    Int:  6    God:    Makhleb [******]
Gold:   262        SH:  0    Dex: 17    Spells: 12/15 levels left

rFire    + . .     SeeInvis .     - Unarmed
rCold    + . .     Gourm    +   (no shield)
rNeg     . . .     Faith    .   X - +2 robe {MR+}
rPois    .         Spirit   +   z - +1 hat {MR+}
rElec    .         Reflect  .   k - scarf {rC+ rF+}
rCorr    .         Harm     .   (gloves unavailable)
MR       ++++.                  (boots unavailable)
Stlth    ++........             r - amulet of guardian spirit
HPRegen  1.18/turn              j - ring of protection from magic
MPRegen  0.24/turn              n - ring of magical power

@: very slightly contaminated, invisible
A: large, unfitting armour, claws 3, talons 1, blink, fast metabolism 3,
gourmand, regeneration 2, robust 1, shaggy fur 1, tough skin 2, sturdy frame 1
a: Blink, Minor Destruction, Lesser Servant of Makhleb, Major Destruction,
Greater Servant of Makhleb, Renounce Religion


You were on level 2 of the Elven Halls.
You worshipped Makhleb.
Makhleb was exalted by your worship.
You were not hungry.

You visited 5 branches of the dungeon, and saw 26 of its levels.
You also visited: Labyrinth and Sewer.

You collected 2169 gold pieces.
You spent 1907 gold pieces at shops.

Inventory:

Hand Weapons
 E - a +0 demon whip
 U - the +5 flail of the Lesser Evil {flame, Str+2}
   (You found it on level 6 of the Lair of Beasts)

   It has been specially enchanted to burn those struck by it, causing extra
   injury to most foes and up to half again as much damage against particularly
   susceptible opponents.
   It affects your strength (+2).
Missiles
 f - 13 large rocks (quivered)
Armour
 a - a +0 troll leather armour
 k - a scarf of resistance (worn)
 z - a +1 hat of magic resistance (worn)
 I - the +0 robe of Youthful Indiscretion {rF++ Str+3}
   (You bought it in a shop on level 12 of the Dungeon)

   It affects your strength (+3).
   It greatly protects you from fire.
 O - a +2 hat of intelligence
 X - a +2 robe of magic resistance (worn)
Jewellery
 c - an uncursed ring of protection from fire
 j - a ring of protection from magic (left claw)
 n - a ring of magical power (right claw)
 r - an amulet of guardian spirit (around neck)
 v - a +1 ring of evasion
Wands
 s - a wand of random effects (123)
 x - a wand of paralysis (29)
 B - a wand of flame (80)
 C - a wand of scattershot (5)
 N - a wand of disintegration (28)
 T - a wand of iceblast (31)
Scrolls
 i - a scroll of enchant weapon
 l - 4 scrolls of teleportation
 o - 9 scrolls of remove curse
 p - 2 scrolls of magic mapping
 u - 3 scrolls of blinking
 w - 6 scrolls of fear
 D - 7 scrolls of identify
 G - 2 scrolls of brand weapon
 S - a scroll of summoning
Potions
 d - 2 potions of haste
 g - 7 potions of curing
 m - 4 potions of heal wounds
 t - 5 potions of might
 F - 5 potions of agility
 J - a potion of berserk rage {unknown}
 Q - 2 potions of cancellation
 R - 2 potions of flight
Books
 e - a book of Minor Magic

   Spells                             Type                      Level
   a - Magic Dart                     Conjuration                  1
   b - Blink                          Translocation                2
   c - Call Imp                       Summoning                    2
   d - Slow                           Hexes                        2
   e - Conjure Flame                  Conjuration/Fire             3
   f - Mephitic Cloud                 Conjuration/Poison/Air       3
 h - a book of Flames

   Spells                             Type                      Level
   a - Flame Tongue                   Conjuration/Fire             1
   b - Throw Flame                    Conjuration/Fire             2
   c - Conjure Flame                  Conjuration/Fire             3
   d - Inner Flame                    Hexes/Fire                   3
   e - Sticky Flame                   Conjuration/Fire             4
   f - Fireball                       Conjuration/Fire             5
 A - a book of Battle

   Spells                             Type                      Level
   a - Infusion                       Charms                       1
   b - Shroud of Golubria             Charms/Translocation         2
   c - Song of Slaying                Charms                       2
   d - Spectral Weapon                Hexes/Charms                 3
   e - Regeneration                   Charms/Necromancy            3
 H - a book of Debilitation

   Spells                             Type                      Level
   a - Corona                         Hexes                        1
   b - Slow                           Hexes                        2
   c - Inner Flame                    Hexes/Fire                   3
   d - Portal Projectile              Hexes/Translocation          3
   e - Cause Fear                     Hexes                        4
   f - Leda's Liquefaction            Hexes/Earth                  4
Miscellaneous
 y - a phantom mirror
Comestibles
 b - 50 rations


   Skills:
 - Level 10.0 Fighting
 - Level 13.1 Dodging
 - Level 1.0 Stealth
 + Level 15.1 Unarmed Combat
 - Level 15.2 Invocations


You had 12 spell levels left.
You knew the following spells:

 Your Spells              Type           Power        Failure   Level  Hunger
a - Infusion              Chrm           #...         45%         1    ##.....
b - Shroud of Golubria    Chrm/Tloc      #.........   58%         2    ###....


Dungeon Overview and Level Annotations

Branches:
Dungeon (15/15)            Temple (0/1) D:7            Lair (6/6) D:9
  Swamp (0/4) Lair:2        Snake (0/4) Lair:4        Slime (0/5) Lair:5
    Orc (2/2) D:11            Elf (2/3) Orc:2        Vaults (0/5) D:14
 Depths (1/5) D:15

Altars:
Fedhas
Gozag
Makhleb
Qazlal
Ru
Vehumet
Beogh

Shops:
D:5 :   D:12 [   D:13 ?(![   Orc:2 ([!%*!:   Elf:1 %!(


Innate Abilities, Weirdness & Mutations

You are too large for most types of armour.
You have claws for hands.
Your metabolism is lightning-fast.
You like to eat raw meat.
You heal very quickly.
You are covered in fur. (AC +1)
You have very tough skin. (AC +2)
You have sharp toenails.
You can translocate small distances at will.
You are robust. (+10% HP)
Your movements are slightly less encumbered by armour. (ER -2)


Message History

* * * LOW HITPOINT WARNING * * *
Your surroundings suddenly seem different.
The runed trident hits you!
* * * LOW HITPOINT WARNING * * *
x2 The runed trident hits you!
* * * LOW HITPOINT WARNING * * *
x2 2 dancing weapons come into view.
There is a trident of piercing.
There is a bardiche of freezing.
You fade into invisibility!
The trident of piercing hits you!
* * * LOW HITPOINT WARNING * * *
x2 You are very lightly contaminated with residual magic.
A deep elf mage comes into view. It is wielding an antimagic rapier.
You feel much better. The trident of piercing hits you!!
* * * LOW HITPOINT WARNING * * *
x2 The bardiche of freezing hits you from afar.
* * * LOW HITPOINT WARNING * * *
The trident of piercing hits you!!
* * * LOW HITPOINT WARNING * * *
You die...

#.. ##.. ...
#.. ##..
#...##
#...(# #..@#
#....#
#..(....
#.........
##..........
...........
#...........
##....#....e


You could see a deep elf mage (wandering) and 2 dancing weapons.

Vanquished Creatures
  Gastronok (Lair:1)
  A deep elf sorcerer (Elf:1)
  An orc warlord (Orc:2)
  2 stone giants
  A minotaur (Lab)
  A vault guard (D:14)
  3 centaur warriors
  A hydra (D:15)
  A catoblepas (D:13)
  15 dancing weapons
  A tengu warrior (D:15)
  The ghost of bmj180 the Basher, a novice MiFi of Okawaru (D:9)
  6 two-headed ogres
  2 ogre magi (D:15)
  5 death yaks
  3 orc high priests
  2 deep elf knights (Elf:2)
  A hell knight (D:15)
  2 wizards (Elf:1)
  3 unseen horrors
  4 deep elf archers
  The ghost of KeeTraxx the Charmwright, a novice GnSk (D:7)
  14 ugly things
  4 manticores
  2 cyclopes
  31 deep elf magi
  4 centaur zombies
  A gargoyle (D:14)
  2 black mambas
  Psyche (D:8)
  2 spectral swamp worms (Depths:1)
  23 spiny frogs
  11 komodo dragons
  A kobold demonologist (D:14)
  A rime drake (Lair:5)
  2 ice devils (Lair:6)
  3 yaktaurs (D:15)
  A tengu conjurer (D:15)
  4 hornets
  7 trolls
  15 blink frogs
  The ghost of RollingDesktops the Sneak, an amateur DrEn of Xom (D:5)
  A jumping spider (shapeshifter) (D:14)
  A harpy skeleton (D:14)
  6 tyrant leeches
  3 slime creatures
  2 meliai zombies
  10 hippogriffs
  6 wyverns
  4 fire elementals
  3 shadows
  A vampire (D:14)
  A yak (shapeshifter) (Elf:2)
  A wraith (D:14)
  4 water elementals
  Grum (D:8)
  47 yaks
  4 basilisks
  2 hungry ghosts
  17 vampire mosquitoes
  A warg (Orc:2)
  7 swamp worms
  A soldier ant (D:8)
  An acid dragon (D:14)
  7 porcupines
  17 water moccasins
  40 orc warriors
  Purgy (Sewer)
  A phantom (D:8)
  3 sky beasts
  A black bear (D:5)
  4 ice beasts
  An eye of draining (D:11)
  3 necrophages
  8 ogres
  A boggart (Elf:1)
  13 wolves
  16 crocodiles
  12 centaurs
  A big kobold (D:13)
  24 bullfrogs
  2 earth elementals (Elf:1)
  Dowan (D:6)
  3 scorpions
  9 killer bees
  10 wights
  An electric eel (D:15)
  A howler monkey (D:8)
  4 crimson imps
  3 bullfrog zombies
  A quasit (D:7)
  5 hounds
  6 jellies
  5 bullfrog skeletons
  2 centaur skeletons
  35 orc priests
  Jessica (D:2)
  4 iguanas
  10 worker ants
  Natasha (thrice) (D:3)
  41 orc wizards
  4 gnolls (Orc:2)
  14 adders
  A howler monkey skeleton (D:7)
  2 shadow imps
  An adder skeleton (D:5)
  17 worms
  2 dart slugs
  4 leopard geckos
  115 orcs
  7 giant cockroaches
  8 goblins
  5 hobgoblins
  24 jackals
  22 kobolds
  6 quokkas
  3 bats (D:2)
  A frilled lizard (D:2)
  A quokka skeleton (D:6)
  12 rats
  A fungus (Lair:6)
  2 plants (D:12)
864 creatures vanquished.

Vanquished Creatures (collateral kills)
  An ettin (D:15)
  Erolcha (Orc:2)
  6 hydras
  2 death yaks (Lair:5)
  An orc sorcerer (Orc:2)
  An ugly thing (Depths:1)
  A gargoyle (D:11)
  2 spiny frogs
  The ghost of Amaterasu the Chopper, an amateur DDFi of Makhleb (D:4)
  3 blink frogs (Lair:6)
  2 basilisks
  2 water moccasins
  Duvessa (D:6)
  A wolf (Lair:2)
  A crocodile (Lair:2)
  3 bullfrogs
  A howler monkey (D:6)
  A quasit (D:6)
  3 orc wizards
  A worker ant (D:6)
  8 orcs
43 creatures vanquished.

Vanquished Creatures (others)
  2 bushes (Lair:5)
  5 fungi
  25 plants
32 creatures vanquished.

Grand Total: 939 creatures vanquished

Notes
Turn   | Place    | Note
-------+----------+-------------------------------------------
     0 | D:1      | myopia the Troll Monk began the quest for the Orb.
     0 | D:1      | Reached XP level 1. HP: 22/22 MP: 0/0
   219 | D:1      | Reached XP level 2. HP: 29/29 MP: 1/1
   841 | D:2      | Reached XP level 3. HP: 36/36 MP: 2/2
   924 | D:2      | Found a stormy altar of Qazlal.
   924 | D:2      | Found a burning altar of Makhleb.
   924 | D:2      | Found a sacrificial altar of Ru.
   932 | D:2      | Became a worshipper of Makhleb the Destroyer
   932 | D:2      | Reached * piety under Makhleb
   932 | D:2      | Reached ** piety under Makhleb
  1044 | D:2      | Found a blossoming altar of Fedhas.
  1233 | D:2      | Reached XP level 4. HP: 44/44 MP: 3/3
  1366 | D:2      | Noticed Jessica
  1370 | D:2      | Killed Jessica
  1370 | D:2      | Reached skill level 5 in Unarmed Combat
  1528 | D:2      | Reached XP level 5. HP: 44/50 MP: 4/4
  1783 | D:3      | Noticed Natasha
  1788 | D:3      | Killed Natasha
  1809 | D:3      | Found a glowing drain.
  1832 | Sewer    | Entered a sewer
  1907 | Sewer    | Noticed Purgy
  1918 | Sewer    | Killed Purgy
  1918 | Sewer    | Reached XP level 6. HP: 49/59 MP: 5/5
  2209 | D:3      | Reached *** piety under Makhleb
  2416 | D:3      | Noticed Natasha
  2421 | D:3      | Killed Natasha
  2558 | D:3      | Noticed Natasha
  2566 | D:3      | Killed Natasha
  2806 | D:4      | Noticed Amaterasu's ghost (amateur DDFi)
  2824 | D:4      | Killed Amaterasu's ghost
  2824 | D:4      | Reached XP level 7. HP: 47/66 MP: 6/6
  3434 | D:4      | Gained mutation: You are resistant to electric shocks. (rElec) [potion of mutation]
  3434 | D:4      | Gained mutation: You are robust. (+10% HP) [potion of mutation]
  3435 | D:4      | Lost mutation: You are robust. (+10% HP) [potion of mutation]
  3435 | D:4      | Lost mutation: You are resistant to electric shocks. (rElec) [potion of mutation]
  3435 | D:4      | Gained mutation: You have sharp toenails. [potion of mutation]
  3435 | D:4      | Gained mutation: You are partially covered in iridescent scales. (AC +2) [potion of mutation]
  3435 | D:4      | Gained mutation: Scrolls take you a little longer to read. [potion of mutation]
  3435 | D:4      | Gained mutation: You are somewhat resistant to further mutation. [potion of mutation]
  3539 | D:5      | Entered Level 5 of the Dungeon
  3565 | D:5      | Noticed RollingDesktops's ghost (amateur DrEn)
  3611 | D:5      | Killed RollingDesktops's ghost
  3611 | D:5      | Reached XP level 8. HP: 74/74 MP: 7/7
  3649 | D:5      | Found an opulent altar of Gozag.
  3831 | D:5      | Reached **** piety under Makhleb
  3838 | D:5      | Reached skill level 10 in Unarmed Combat
  3870 | D:5      | Found Qatohel's Book Boutique.
  3975 | D:5      | Reached skill level 5 in Dodging
  4564 | D:6      | Noticed Dowan
  4565 | D:6      | Noticed Duvessa
  4582 | D:6      | Killed Dowan
  4612 | D:6      | Killed Duvessa
  4617 | D:6      | Reached XP level 9. HP: 53/80 MP: 8/8
  5012 | D:7      | Found a staircase to the Ecumenical Temple.
  5332 | D:7      | Noticed KeeTraxx's ghost (novice GnSk)
  5349 | D:7      | Killed KeeTraxx's ghost
  5855 | D:8      | Reached ***** piety under Makhleb
  5941 | D:8      | Found a large runed door.
  5942 | D:8      | Found a large runed door.
  6253 | D:8      | Noticed Grum
  6256 | D:8      | Reached XP level 10. HP: 88/88 MP: 9/9
  6566 | D:8      | Found a large runed door.
  6566 | D:8      | Found a large runed door.
  6627 | D:8      | Identified The Last Secrets of Theurgy
  6735 | D:8      | Noticed Psyche
  6741 | D:8      | Killed Psyche
  6952 | D:8      | Killed Grum
  7181 | D:8      | Identified Xehoicax's Compendium of Toxins and Fire
  7299 | D:9      | Found a staircase to the Lair.
  7550 | D:8      | Reached XP level 11. HP: 94/94 MP: 10/10
  7610 | D:9      | Killed an unseen horror
  7655 | D:9      | Noticed a two-headed ogre
  7661 | D:9      | Killed a two-headed ogre
  7873 | D:9      | Lost mutation: Scrolls take you a little longer to read. [potion of mutation]
  7873 | D:9      | Lost mutation: You are somewhat resistant to further mutation. [potion of mutation]
  7873 | D:9      | Lost mutation: You are partially covered in iridescent scales. (AC +2) [potion of mutation]
  7873 | D:9      | Gained mutation: Your spells are a little easier to cast, but a little less powerful. [potion of mutation]
  7873 | D:9      | Gained mutation: Your mind is acute. (Int +2) [potion of mutation]
  8285 | D:10     | Entered Level 10 of the Dungeon
  8749 | D:10     | Noticed a two-headed ogre
  8760 | D:10     | Killed a two-headed ogre
  8760 | D:10     | Reached skill level 10 in Dodging
  8885 | D:11     | Noticed a five-headed hydra
  8902 | D:11     | Killed a seven-headed hydra
  8974 | D:11     | Reached skill level 1 in Invocations
  9324 | D:11     | Upgraded the game from 0.21-b1-23-g1fb0a74 to 0.21.0
  9385 | D:11     | Reached ****** piety under Makhleb
  9435 | D:11     | Reached XP level 12. HP: 102/104 MP: 14/14
  9525 | D:11     | Found a staircase to the Orcish Mines.
 10215 | D:12     | Found Pyitaf's Antique Armour Shoppe.
 10242 | D:12     | Bought a smoking robe for 199 gold pieces
 10242 | D:12     | Identified the cursed +0 robe of Youthful Indiscretion {rF++ Str+3} (You bought it in a shop on level 12 of the Dungeon)
 10243 | D:12     | Bought a robe for 24 gold pieces
 10243 | D:12     | Bought a robe for 24 gold pieces
 10559 | D:12     | Reached skill level 5 in Invocations
 10808 | D:9      | Noticed bmj180's ghost (novice MiFi)
 10850 | D:9      | Killed bmj180's ghost
 10899 | Lair:1   | Entered Level 1 of the Lair of Beasts
 10954 | Lair:1   | Noticed a five-headed hydra
 11041 | Lair:1   | Killed a seven-headed hydra
 11189 | Lair:1   | Noticed Gastronok
 11209 | Lair:1   | Killed Gastronok
 12485 | Lair:2   | Noticed an eight-headed hydra
 12512 | Lair:2   | Killed an eight-headed hydra
 12514 | Lair:2   | HP: 3/104 [wolf (4)]
 12832 | Lair:2   | Found a staircase to the Swamp.
 13333 | Lair:3   | Reached XP level 13. HP: 110/110 MP: 18/18
 13885 | Lair:4   | Found a staircase to the Snake Pit.
 15045 | Lair:5   | Found a labyrinth entrance.
 15061 | Lab      | Entered a labyrinth
 15525 | Lab      | Noticed a minotaur
 15532 | Lab      | Killed a minotaur
 15540 | Lab      | Identified Sif Muna's Reference Book on Boosts
 15675 | Lair:5   | Reached skill level 10 in Invocations
 15890 | Lair:5   | Found a staircase to the Slime Pits.
 16357 | Lair:6   | Entered Level 6 of the Lair of Beasts
 16526 | Lair:5   | Reached skill level 5 in Fighting
 16883 | Lair:5   | Reached XP level 14. HP: 104/128 MP: 19/20
 17735 | Lair:6   | Got a scorched flail
 17742 | Lair:6   | Identified the +5 flail of the Lesser Evil {flame, Str+2} (You found it on level 6 of the Lair of Beasts)
 18179 | Orc:1    | Entered Level 1 of the Orcish Mines
 18613 | Orc:2    | Entered Level 2 of the Orcish Mines
 18651 | Orc:2    | Found a staircase to the Elven Halls.
 18763 | Orc:2    | Noticed a stone giant
 18779 | Orc:2    | Killed a stone giant
 18798 | Orc:2    | Noticed Erolcha
 18805 | Orc:2    | Killed Erolcha
 18925 | Orc:2    | Found a roughly hewn altar of Beogh.
 18939 | Orc:2    | Found Isoogur's Book Boutique.
 18970 | Orc:2    | Found a roughly hewn altar of Beogh.
 18996 | Orc:2    | Found a roughly hewn altar of Beogh.
 19050 | Orc:2    | Found Fedam's Food Shoppe.
 19103 | Orc:2    | Found a roughly hewn altar of Beogh.
 19223 | Orc:2    | Found a roughly hewn altar of Beogh.
 19224 | Orc:2    | Found Bepocaoh's Distillery.
 19252 | Orc:2    | Bought a potion of haste for 120 gold pieces
 19252 | Orc:2    | Bought a potion of curing for 36 gold pieces
 19291 | Orc:2    | Found Pear's General Store.
 19307 | Orc:2    | Bought a scroll of blinking for 105 gold pieces
 19307 | Orc:2    | Bought a scroll of enchant armour for 105 gold pieces
 19317 | Orc:2    | Found Plog's Distillery.
 19322 | Orc:2    | Bought a potion of heal wounds for 65 gold pieces
 19322 | Orc:2    | Bought 2 potions of heal wounds for 130 gold pieces
 19322 | Orc:2    | Bought a potion of heal wounds for 65 gold pieces
 19322 | Orc:2    | Bought a potion of might for 52 gold pieces
 19322 | Orc:2    | Bought a potion of agility for 52 gold pieces
 19322 | Orc:2    | Bought a potion of agility for 52 gold pieces
 19464 | Orc:2    | Noticed an orc warlord
 19485 | Orc:2    | Killed an orc warlord
 19613 | Orc:2    | Found Cunla's Antique Armour Shop.
 19615 | Orc:2    | Found a roughly hewn altar of Beogh.
 19615 | Orc:2    | Found Bekeulask's Antique Weapon Boutique.
 19709 | Elf:1    | Entered Level 1 of the Elven Halls
 19777 | Elf:1    | Found a radiant altar of Vehumet.
 19909 | Elf:1    | Reached skill level 10 in Fighting
 20073 | Elf:1    | Found Vyutuc's Antique Weapon Shop.
 20075 | Elf:1    | Found Pisud's Distillery.
 20077 | Elf:1    | Found Innasena's Food Shop.
 20101 | Elf:1    | Bought a potion of mutation for 152 gold pieces
 20101 | Elf:1    | Bought 2 potions of heal wounds for 190 gold pieces
 20101 | Elf:1    | Bought a potion of agility for 76 gold pieces
 20101 | Elf:1    | Lost mutation: Your mind is acute. (Int +2) [potion of mutation]
 20101 | Elf:1    | Lost mutation: Your spells are a little easier to cast, but a little less powerful. [potion of mutation]
 20101 | Elf:1    | Gained mutation: You can translocate small distances at will. [potion of mutation]
 20101 | Elf:1    | Gained mutation: Your movements are slightly less encumbered by armour. (ER -2) [potion of mutation]
 20101 | Elf:1    | Gained mutation: You heal very quickly. [potion of mutation]
 20101 | Elf:1    | Gained mutation: You are robust. (+10% HP) [potion of mutation]
 20419 | Elf:1    | Noticed a deep elf sorcerer
 20436 | Elf:1    | Killed a deep elf sorcerer
 20744 | Elf:1    | Reached XP level 15. HP: 132/163 MP: 21/22
 21053 | Elf:2    | Found a runed gate.
 21053 | Elf:2    | Found a runed gate.
 21482 | Elf:2    | Found a runed gate.
 21865 | D:13     | Found Caneluoss's Antique Armour Emporium.
 21905 | D:13     | Identified a scroll of acquirement
 22079 | D:13     | Found Ruixziru's Weapon Shop.
 22390 | D:13     | Found Soexadee's Magic Scroll Shoppe.
 22396 | D:13     | Bought a scroll of blinking for 90 gold pieces
 22396 | D:13     | Bought a scroll of blinking for 90 gold pieces
 22396 | D:13     | Bought a scroll of magic mapping for 42 gold pieces
 22401 | D:13     | Found Jeiset's Distillery.
 22407 | D:13     | Bought a potion of heal wounds for 70 gold pieces
 22407 | D:13     | Bought a potion of might for 56 gold pieces
 22407 | D:13     | Bought a potion of might for 56 gold pieces
 22407 | D:13     | Bought a potion of might for 56 gold pieces
 23174 | D:14     | Learned a level 1 spell: Infusion
 23177 | D:14     | Learned a level 2 spell: Shroud of Golubria
 23184 | D:14     | Found a gate to the Vaults.
 23926 | D:15     | Entered Level 15 of the Dungeon
 24137 | D:15     | Found a staircase to the Depths.
 24548 | D:15     | Reached skill level 15 in Invocations
 24611 | D:15     | Reached XP level 16. HP: 123/173 MP: 11/26
 25197 | Depths:1 | Entered Level 1 of the Depths
 25632 | Elf:2    | Reached skill level 15 in Unarmed Combat
 25664 | Elf:2    | HP: 1/173 [trident of piercing (21)]
 25664 | Elf:2    | Slain by a trident of piercing

Skill      XL: |  1  2  3  4  5  6  7  8  9 10 11 12 13 14 15 16 |
---------------+-------------------------------------------------+-----
Unarmed Combat | 4 5 6 8 9 10 11 13 14 15 | 15.1
Dodging        | 3 5 7 9 10 12 13 | 13.1
Invocations    | 4 8 10 11 15 | 15.2
Fighting       | 5 10 | 10.0
Stealth        | |  1.0

Action                   |  1- 3 |  4- 6 |  7- 9 | 10-12 | 13-15 | 16-18 || total
-------------------------+-------+-------+-------+-------+-------+-------++-------
Melee: Unarmed           |    75 |   155 |   316 |   668 |  1542 |   135 ||  2891
       Punch             |       |     1 |     9 |    50 |   112 |    10 ||   182
       Kick              |       |       |    69 |   229 |   565 |    63 ||   926
Throw: Large rock        |       |       |       |       |       |     2 ||     2
Invok: Lesser Servant of |       |     1 |     2 |    12 |    16 |     2 ||    33
       Major Destruction |       |       |       |     4 |     4 |       ||     8
       Minor Destruction |       |       |       |     1 |       |       ||     1
       Greater Servant o |       |       |       |       |     1 |     1 ||     2
  Use: Scroll            |       |       |    12 |     8 |    18 |     1 ||    39
       Potion            |       |       |     6 |     7 |     8 |     5 ||    26
 Stab: Sleeping          |     6 |     3 |     1 |     8 |     4 |       ||    22
       Distracted        |       |       |     1 |     1 |     3 |       ||     5
       Invisible         |       |       |       |     3 |       |       ||     3
       Petrified         |       |       |       |       |     3 |       ||     3
  Eat: Chunk             |    17 |    11 |    31 |    75 |   105 |     5 ||   244
       Ration            |       |       |       |     1 |       |       ||     1
Armor: Robe              |    24 |    60 |   101 |    40 |   217 |     3 ||   445
       Animal skin       |       |       |       |    67 |       |       ||    67
Dodge: Dodged            |    50 |    92 |   158 |   441 |  1326 |    69 ||  2136
